 Dungeon Crawl Stone Soup version 0.24.0-37-gcf1ca852f1 (webtiles) character file.

Game seed: 3285024219482664496, levelgen mode: deterministic

386 Iamsoldier the Charmwright (level 6, -4/51 HPs)
             Began as a Gnoll Skald on Nov 27, 2019.
             Was a Follower of Cheibriados.
             Slain by a crocodile (16 damage)
             ... in a sewer.
             The game lasted 00:10:06 (4216 turns).

Iamsoldier the Charmwright (Gnoll Skald)            Turns: 4216, Time: 00:10:06

Health: -4/51      AC:  7    Str: 18    XL:     6   Next: 78%
Magic:  13/14      EV: 15    Int: 19    God:    Cheibriados [*.....]
Gold:   126        SH:  0    Dex: 16    Spells: 6/15 levels left

rFire    . . .     SeeInvis .   a - +1 spear
rCold    . . .     Gourm    .   (no shield)
rNeg     . . .     Faith    .   u - +2 robe {MR+}
rPois    .         Spirit   .   (no helmet)
rElec    .         Reflect  .   (no cloak)
rCorr    .         Harm     .   p - +0 pair of gloves
MR       +....                  g - +1 pair of boots
Stlth    ++........             (no amulet)
HPRegen  0.17/turn              i - +2 ring of strength
MPRegen  0.14/turn              (no ring)

@: shrouded, very slow
A: distributed training, fangs 1, strong nose
a: Bend Time, Renounce Religion


You were in a sewer.
You worshipped Cheibriados.
Cheibriados was aware of your devotion.
You were not hungry.

You visited 1 branch of the dungeon, and saw 4 of its levels.
You also visited: Sewer.

You collected 126 gold pieces.

Inventory:

Hand Weapons
 a - a +1 spear (weapon)
Missiles
 w - 12 poisoned darts (quivered)
Armour
 b - a +0 leather armour
 g - a +1 pair of boots (worn)
 p - a +0 pair of gloves (worn)
 t - a cursed +0 ring mail
 u - a +2 robe of magic resistance (worn)
 y - a +2 ring mail of cold resistance
Jewellery
 i - a +2 ring of strength (left hand)
Wands
 r - a wand of iceblast (6)
Scrolls
 j - 2 scrolls of enchant armour
 m - a scroll of noise {unknown}
 n - 3 scrolls of identify
 o - 2 scrolls of fear
 s - a scroll of amnesia
 x - a scroll of teleportation
Potions
 c - 2 potions of resistance
 e - a potion of cancellation {unknown}
 f - a potion of curing {unknown}
 h - 2 potions of flight {unknown}
 l - 4 potions of haste {unknown}
 q - 2 potions of brilliance {unknown}
 v - a potion of berserk rage {unknown}
 z - a potion of might {unknown}
 A - a potion of heal wounds {unknown}
Comestibles
 d - 4 rations
 k - 5 chunks of flesh


   Skills:
 + Level 5.0 Fighting
 + Level 2.1 Short Blades
 + Level 2.1 Long Blades
 + Level 2.1 Axes
 + Level 2.1 Maces & Flails
 + Level 5.0 Polearms
 + Level 2.1 Staves
 + Level 2.1 Slings
 + Level 2.1 Bows
 + Level 2.1 Crossbows
 + Level 2.1 Throwing
 + Level 3.3 Armour
 + Level 5.0 Dodging
 + Level 2.1 Stealth
 + Level 2.1 Shields
 + Level 2.1 Unarmed Combat
 + Level 5.4 Spellcasting
 + Level 1.6 Conjurations
 + Level 1.6 Hexes
 + Level 5.7 Charms
 + Level 1.6 Summonings
 + Level 1.6 Necromancy
 + Level 1.6 Translocations
 + Level 1.6 Transmutations
 + Level 1.6 Fire Magic
 + Level 1.6 Ice Magic
 + Level 1.6 Air Magic
 + Level 1.6 Earth Magic
 + Level 1.6 Poison Magic
 + Level 2.3 Invocations
 + Level 2.1 Evocations


You had 6 spell levels left.
You knew the following spells:

 Your Spells              Type           Power        Failure   Level  Hunger
a - Infusion              Chrm           ####         1%          1    None
b - Shroud of Golubria    Chrm/Tloc      ###...       4%          2    None
c - Spectral Weapon       Hex/Chrm       ###.....     8%          3    ##.....
d - Regeneration          Chrm/Necr      ###.......   8%          3    ##.....

Your spell library contained the following spells:

 Spells                   Type           Power        Failure   Level  Hunger
 Song of Slaying          Chrm           ####....     1%          2    None
 Animate Skeleton         Necr           N/A          6%          1    None
 Apportation              Tloc           ##....       6%          1    None
 Confusing Touch          Hex            ##....       6%          1    None
 Summon Small Mammal      Summ           ##..         6%          1    None


Dungeon Overview and Level Annotations

Branches:
Dungeon (4/15)             Temple (0/1) D:4           Sewer (1/1)

Altars:
Cheibriados
Fedhas
Nemelex Xobeh
Trog
Zin


Innate Abilities, Weirdness & Mutations

Your experience applies equally to all skills.
You have very sharp teeth.
Your uncanny sense of smell can sniff out nearby items.


Message History

Moving in this stuff is going to be slow.
The crocodile bites you!
You hit the crocodile but do no damage. The crocodile barely misses you.
You hit the crocodile. Your bite misses the crocodile.
The crocodile is lightly wounded.
The crocodile bites you!
You are too injured to fight recklessly!
You are too injured to fight recklessly!
Casting: Regeneration (safe; 8% risk of failure)
Confirm with . or Enter, or press ? or * to list all spells.
Space distorts slightly along a thin shroud covering your body.
The crocodile bites you!
* * * LOW HITPOINT WARNING * * *
Press: ? - help, v - describe, . - travel The floor.
The crocodile barely misses you. The crocodile barely misses you.
The crocodile misses you. The crocodile closely misses you.
The crocodile bites you!
You die...

## .#### .##≈# .##≈#
###≈# ######## .##≈##
##..@t..### # .#.≈.#
###.≈....≈...### ∆[#
...≈.#
###.≈.≈≈####.≈...##≈"#
...≈.###...≈.##
###≈..≈.###
##.≈..≈≈....##
##..≈...#
...≈≈###...≈.###
###.≈..≈### )).≈.#
###.≈..≈####≈≈...##.)#
.#.≈.#
###......≈...### ∆?#
.##≈## ###.≈..≈.### #


You could see a crocodile.

Vanquished Creatures
  A centaur (D:3)
  2 orc priests
  An orc wizard (D:3)
  A howler monkey skeleton (D:4)
  5 adders
  A river rat (D:4)
  3 oozes
  2 worms
  3 dart slugs
  5 leopard geckos
  10 orcs
  9 bats
  5 giant cockroaches
  6 goblins
  13 hobgoblins
  9 jackals
  4 quokkas
  A ball python (D:4)
  6 frilled lizards
  15 kobolds
  16 rats
118 creatures vanquished.

Notes
Turn   | Place    | Note
-------+----------+-------------------------------------------
     0 | D:1      | Iamsoldier the Gnoll Skald began the quest for the Orb.
     0 | D:1      | Reached XP level 1. HP: 20/20 MP: 6/6
    47 | D:1      | Reached XP level 2. HP: 23/26 MP: 4/7
    57 | D:1      | Learned a level 2 spell: Shroud of Golubria
   424 | D:1      | Reached XP level 3. HP: 31/31 MP: 5/9
   443 | D:1      | Reached skill level 5 in Spellcasting
   448 | D:1      | Learned a level 3 spell: Spectral Weapon
   452 | D:1      | Learned a level 3 spell: Regeneration
   744 | D:1      | Reached skill level 1 in Invocations
  1057 | D:2      | Reached skill level 1 in Short Blades
  1057 | D:2      | Reached skill level 1 in Long Blades
  1057 | D:2      | Reached skill level 1 in Axes
  1057 | D:2      | Reached skill level 1 in Maces & Flails
  1057 | D:2      | Reached skill level 1 in Staves
  1057 | D:2      | Reached skill level 1 in Slings
  1057 | D:2      | Reached skill level 1 in Bows
  1057 | D:2      | Reached skill level 1 in Crossbows
  1057 | D:2      | Reached skill level 1 in Throwing
  1057 | D:2      | Reached skill level 1 in Stealth
  1057 | D:2      | Reached skill level 1 in Shields
  1057 | D:2      | Reached skill level 1 in Unarmed Combat
  1057 | D:2      | Reached skill level 1 in Evocations
  1099 | D:2      | Reached XP level 4. HP: 38/38 MP: 7/11
  1686 | D:2      | Reached skill level 1 in Conjurations
  1686 | D:2      | Reached skill level 1 in Hexes
  1686 | D:2      | Reached skill level 1 in Summonings
  1686 | D:2      | Reached skill level 1 in Necromancy
  1686 | D:2      | Reached skill level 1 in Translocations
  1686 | D:2      | Reached skill level 1 in Transmutations
  1686 | D:2      | Reached skill level 1 in Fire Magic
  1686 | D:2      | Reached skill level 1 in Ice Magic
  1686 | D:2      | Reached skill level 1 in Air Magic
  1686 | D:2      | Reached skill level 1 in Earth Magic
  1686 | D:2      | Reached skill level 1 in Poison Magic
  2253 | D:3      | Noticed a centaur
  2266 | D:3      | Killed a centaur
  2266 | D:3      | Reached XP level 5. HP: 32/43 MP: 5/12
  2599 | D:3      | Reached XP level 6. HP: 40/50 MP: 6/13
  3016 | D:3      | Noticed a moth of wrath
  3018 | D:3      | Found a bloodstained altar of Trog.
  3166 | D:3      | Found a snail-covered altar of Cheibriados.
  3174 | D:3      | Became a worshipper of Cheibriados the Contemplative
  3380 | D:3      | Found a glowing silver altar of Zin.
  3684 | D:4      | Reached skill level 5 in Fighting
  3684 | D:4      | Reached skill level 5 in Polearms
  3684 | D:4      | Reached skill level 5 in Dodging
  3837 | D:4      | Found a sparkling altar of Nemelex Xobeh.
  3873 | D:4      | Found a staircase to the Ecumenical Temple.
  3898 | D:4      | Reached * piety under Cheibriados
  3966 | D:4      | Found a blossoming altar of Fedhas.
  4081 | D:4      | Found a glowing drain.
  4107 | Sewer    | Entered a sewer
  4216 | Sewer    | Slain by a crocodile

Levels and vault maps discovered:
D:1:      erik_arrival_cave_to_civilisation [erik_arrival_cave_to_hall],
          layout_rooms
D:2:      layout_loops_ring, first_ration
D:3:      layout_loops_cross, cheibriados_altar_1, tgw_trog, zin_scriptorium
D:4:      layout_loops_ring, nemelex_xobeh_ov_fountains_minmay, kennysheep_mini,
          minmay_temple_entry_wispy, portal_sewer_entry_b, eino_tiny_chamber,
          cheibrodos_gnoll_hut, uniq_natasha
Sewer:    sewer_the_crocodile

Skill      XL: |  1  2  3  4  5  6 |
---------------+-------------------+-----
Spellcasting   | 5 |  5.4
Invocations    | 1 2 |  2.3
Short Blades   | 1 2 |  2.1
Long Blades    | 1 2 |  2.1
Axes           | 1 2 |  2.1
Maces & Flails | 1 2 |  2.1
Staves         | 1 2 |  2.1
Slings         | 1 2 |  2.1
Bows           | 1 2 |  2.1
Crossbows      | 1 2 |  2.1
Throwing       | 1 2 |  2.1
Stealth        | 1 2 |  2.1
Shields        | 1 2 |  2.1
Unarmed Combat | 1 2 |  2.1
Evocations     | 1 2 |  2.1
Conjurations   | 1 |  1.6
Hexes          | 1 |  1.6
Summonings     | 1 |  1.6
Necromancy     | 1 |  1.6
Translocations | 1 |  1.6
Transmutations | 1 |  1.6
Fire Magic     | 1 |  1.6
Ice Magic      | 1 |  1.6
Air Magic      | 1 |  1.6
Earth Magic    | 1 |  1.6
Poison Magic   | 1 |  1.6
Armour         | 3 |  3.3
Fighting       | 5 |  5.0
Polearms       | 5 |  5.0
Dodging        | 5 |  5.0
Charms         | |  5.7

Action                   |  1- 3 |  4- 6 || total
-------------------------+-------+-------++-------
Melee: Spear             |    95 |   221 ||   316
       Bite              |     2 |    28 ||    30
       Punch             |       |     2 ||     2
 Cast: Infusion          |    11 |    11 ||    22
       Spectral Weapon   |       |     7 ||     7
       Shroud of Golubri |       |     5 ||     5
       Regeneration      |       |     3 ||     3
  Use: Scroll            |       |     7 ||     7
 Stab: Sleeping          |       |     7 ||     7
       Distracted        |       |     1 ||     1
  Eat: Chunk             |       |    11 ||    11
Armor: Leather armour    |    26 |    24 ||    50
       Robe              |       |    24 ||    24
Dodge: Dodged            |    72 |   150 ||   222
